 Dungeon Crawl Stone Soup version 0.21.1-1-g345015f (webtiles) character file.

1184 wilfster70 the Sneak (level 8, -7/58 HPs)
             Began as a Gnoll Enchanter on Mar 1, 2018.
             Was a Follower of Okawaru.
             Mangled by a gnoll
             ... wielding a +0 spear
              (9 damage)
             ... on level 5 of the Dungeon.
             The game lasted 00:20:16 (5082 turns).

wilfster70 the Sneak (Gnoll Enchanter)              Turns: 5082, Time: 00:20:17

Health: -7/58      AC:  3    Str: 10    XL:     8   Next: 42%
Magic:  17/17      EV: 15    Int: 21    God:    Okawaru [*.....]
Gold:   251        SH:  0    Dex: 15    Spells: 14/19 levels left

rFire    x . .     SeeInvis .   a - +4 dagger (flame)
rCold    + . .     Gourm    .   (no shield)
rNeg     . . .     Faith    .   f - +0 robe
rPois    .         Spirit   .   (no helmet)
rElec    .         Reflect  .   (no cloak)
rCorr    .         Harm     .   s - +0 pair of gloves
MR       .....                  (no boots)
Stlth    +++.......             (no amulet)
HPRegen  0.19/turn              p - ring of ice
MPRegen  0.15/turn              (no ring)

@: no status effects
A: distributed training, fangs 1, strong nose
a: Heroism, Renounce Religion


You were on level 5 of the Dungeon.
You worshipped Okawaru.
Okawaru was aware of your devotion.
You were very hungry.

You visited 2 branches of the dungeon, and saw 6 of its levels.

You collected 251 gold pieces.

Inventory:

Hand Weapons
 a - a +4 dagger of flaming (weapon)
 b - a +0 hunting sling
Missiles
 e - 65 sling bullets
 o - 119 stones
 q - 7 tomahawks (quivered)
Armour
 f - a +0 robe (worn)
 s - a +0 pair of gloves (worn)
Jewellery
 p - a ring of ice (left hand)
 u - an uncursed amulet of guardian spirit {unknown}
 x - an uncursed ring of magical power {unknown}
 A - a +5 amulet of reflection {unknown}
Wands
 B - a wand of polymorph (38)
Scrolls
 i - a scroll of magic mapping {unknown}
 j - a scroll of blinking {unknown}
 k - a scroll of fear {unknown}
 n - 7 scrolls of identify {unknown}
 w - 3 scrolls of amnesia
 y - 3 scrolls of teleportation {unknown}
Potions
 g - a potion of curing {unknown}
 h - 2 potions of degeneration {unknown}
 l - 2 potions of flight {unknown}
 m - 2 potions of heal wounds {unknown}
 r - 2 potions of brilliance {unknown}
 v - a potion of lignification {unknown}
 z - a potion of haste {unknown}
Books
 c - a book of Maledictions

   Spells                             Type                      Level
   a - Corona                         Hexes                        1
   b - Ensorcelled Hibernation        Hexes/Ice                    2
   c - Confuse                        Hexes                        3
   d - Tukima's Dance                 Hexes                        3
   e - Dazzling Spray                 Conjuration/Hexes            3
Comestibles
 d - 7 rations


   Skills:
 + Level 3.2 Fighting
 + Level 4.1 Short Blades
 + Level 3.2 Long Blades
 + Level 3.2 Axes
 + Level 3.2 Maces & Flails
 + Level 3.2 Polearms
 + Level 3.2 Staves
 + Level 3.2 Slings
 + Level 3.2 Bows
 + Level 3.2 Crossbows
 + Level 3.2 Throwing
 + Level 3.2 Armour
 + Level 5.6 Dodging
 + Level 6.8 Stealth
 + Level 3.2 Shields
 + Level 3.2 Unarmed Combat
 + Level 6.0 Spellcasting
 + Level 2.6 Conjurations
 + Level 6.1 Hexes
 + Level 2.6 Charms
 + Level 2.6 Summonings
 + Level 2.6 Necromancy
 + Level 2.6 Translocations
 + Level 2.6 Transmutations
 + Level 2.6 Fire Magic
 + Level 2.6 Ice Magic
 + Level 2.6 Air Magic
 + Level 2.6 Earth Magic
 + Level 2.6 Poison Magic
 + Level 3.5 Invocations
 + Level 3.2 Evocations


You had 14 spell levels left.
You knew the following spells:

 Your Spells              Type           Power        Failure   Level  Hunger
b - Ensorcelled Hibernat  Hex/Ice        #####.       2%          2    None
c - Confuse               Hex            ####....     2%          3    ##.....


Dungeon Overview and Level Annotations

Branches:
Dungeon (5/15)             Temple (1/1) D:5

Altars:
Ashenzari
Cheibriados
Dithmenos
Elyvilon
Fedhas
Gozag
Hepliaklqana
Kikubaaqudgha
Makhleb
Nemelex Xobeh
Okawaru
Qazlal
Ru
Sif Muna
Trog
Uskayaw
Vehumet
Wu Jian
Xom
Yredelemnul
Zin
The Shining One

Annotations:
D:4 Menkaure


Innate Abilities, Weirdness & Mutations

Your experience applies equally to all skills.
You have very sharp teeth.
Your uncanny sense of smell can sniff out nearby items.


Message History

The gnoll shaman is severely wounded.
The gnoll closely misses you. The gnoll completely misses you.
The gnoll shaman calls upon its god to speed up the gnoll.
The gnoll seems to speed up.
You hit the gnoll shaman. You burn the gnoll shaman.
You kill the gnoll shaman!
Okawaru accepts your kill.
You can now gain great but temporary skills.
The gnoll hits you but does no damage. The gnoll barely misses you.
The gnoll misses you.
The gnoll hits you from afar with a spear.
* * * LOW HITPOINT WARNING * * *
The gnoll closely misses you.
The gnoll hits you from afar with a spear.
* * * LOW HITPOINT WARNING * * *
The gnoll hits you from afar with a spear!
* * * LOW HITPOINT WARNING * * *
The gnoll closely misses you.
The gnoll hits you from afar with a spear!
You die...

##### ....#
###.#
################
#.#
#...gg.@.......#
#.#
#.############.#
#.# #.# #.# #.#
#g# #.# ###.##
##.## #.# .....#
#...#
#######.####
##.#.####.#.###
...........#
##.#.##..)#...#
.######.##.#
#.......#####.#
#.##.#


You could see 2 gnolls.

Vanquished Creatures
  Sigmund (D:2)
  Duvessa (D:4)
  2 ogres (D:4)
  Dowan (D:4)
  A crimson imp (D:5)
  A hound (D:4)
  2 centaur skeletons
  An orc wizard (D:5)
  An orc priest (D:3)
  A gnoll shaman (D:5)
  Ijyb (D:5)
  Terence (D:2)
  An iguana (D:3)
  A hound zombie (D:5)
  2 gnolls
  4 adders
  2 oozes
  An adder skeleton (D:4)
  3 worms (D:2)
  4 dart slugs
  2 leopard geckos
  11 orcs
  7 giant cockroaches
  8 hobgoblins
  6 jackals
  7 kobolds
  A quokka (D:3)
  7 bats
  6 frilled lizards
  7 goblins
  A leopard gecko skeleton (D:4)
  A quokka skeleton (D:4)
  9 rats
105 creatures vanquished.

Vanquished Creatures (others)
  An orc (D:3)
  A kobold (D:3)
2 creatures vanquished.

Grand Total: 107 creatures vanquished

Notes
Turn   | Place    | Note
-------+----------+-------------------------------------------
     0 | D:1      | wilfster70 the Gnoll Enchanter began the quest for the Orb.
     0 | D:1      | Reached XP level 1. HP: 13/13 MP: 6/6
     2 | D:1      | Noticed a naga
     2 | D:1      | Noticed a troll
     4 | D:1      | Noticed a minotaur
     4 | D:1      | Noticed a demonspawn
     6 | D:1      | Noticed an elf
     6 | D:1      | Noticed a spriggan
     8 | D:1      | Noticed a formicid
     8 | D:1      | Noticed a felid
    10 | D:1      | Noticed a vampire
    12 | D:1      | Noticed a draconian
    14 | D:1      | Noticed a vine stalker
    14 | D:1      | Noticed a tengu
    16 | D:1      | Noticed a ghoul
    16 | D:1      | Noticed a centaur
    18 | D:1      | Noticed a gargoyle
    18 | D:1      | Noticed a demigod
    20 | D:1      | Noticed a human
    20 | D:1      | Noticed an octopode
    22 | D:1      | Noticed an ogre
    24 | D:1      | Noticed a dwarf
    26 | D:1      | Noticed a halfling
    26 | D:1      | Noticed a merfolk
    96 | D:1      | Reached XP level 2. HP: 19/19 MP: 7/7
   100 | D:1      | Learned a level 2 spell: Ensorcelled Hibernation
   925 | D:1      | Reached XP level 3. HP: 23/25 MP: 9/9
   994 | D:1      | Reached skill level 5 in Spellcasting
  1039 | D:1      | Reached skill level 1 in Invocations
  1319 | D:2      | Noticed Terence
  1322 | D:2      | Killed Terence
  1322 | D:2      | Reached skill level 1 in Fighting
  1322 | D:2      | Reached skill level 1 in Long Blades
  1322 | D:2      | Reached skill level 1 in Axes
  1322 | D:2      | Reached skill level 1 in Maces & Flails
  1322 | D:2      | Reached skill level 1 in Polearms
  1322 | D:2      | Reached skill level 1 in Staves
  1322 | D:2      | Reached skill level 1 in Slings
  1322 | D:2      | Reached skill level 1 in Bows
  1322 | D:2      | Reached skill level 1 in Crossbows
  1322 | D:2      | Reached skill level 1 in Throwing
  1322 | D:2      | Reached skill level 1 in Armour
  1322 | D:2      | Reached skill level 1 in Shields
  1322 | D:2      | Reached skill level 1 in Unarmed Combat
  1322 | D:2      | Reached skill level 1 in Evocations
  1322 | D:2      | Reached XP level 4. HP: 32/32 MP: 11/11
  1340 | D:2      | Noticed Sigmund
  1352 | D:2      | Learned a level 3 spell: Confuse
  1372 | D:2      | Killed Sigmund
  1372 | D:2      | Reached skill level 1 in Conjurations
  1372 | D:2      | Reached skill level 1 in Charms
  1372 | D:2      | Reached skill level 1 in Summonings
  1372 | D:2      | Reached skill level 1 in Necromancy
  1372 | D:2      | Reached skill level 1 in Translocations
  1372 | D:2      | Reached skill level 1 in Transmutations
  1372 | D:2      | Reached skill level 1 in Fire Magic
  1372 | D:2      | Reached skill level 1 in Ice Magic
  1372 | D:2      | Reached skill level 1 in Air Magic
  1372 | D:2      | Reached skill level 1 in Earth Magic
  1372 | D:2      | Reached skill level 1 in Poison Magic
  1372 | D:2      | Reached XP level 5. HP: 31/38 MP: 5/12
  1496 | D:2      | Reached XP level 6. HP: 44/44 MP: 13/13
  2034 | D:2      | Found a sparkling altar of Nemelex Xobeh.
  2806 | D:3      | Reached skill level 5 in Dodging
  3000 | D:3      | Found a white marble altar of Elyvilon.
  3747 | D:4      | Reached XP level 7. HP: 42/50 MP: 15/15
  3748 | D:4      | Noticed Duvessa
  3749 | D:4      | Noticed Dowan
  3783 | D:4      | Killed Dowan
  3855 | D:4      | Killed Duvessa
  4003 | D:4      | Noticed Menkaure
  4326 | D:4      | Found a bloodstained altar of Trog.
  4355 | D:5      | Entered Level 5 of the Dungeon
  4355 | D:5      | Noticed Ijyb
  4356 | D:5      | Killed Ijyb
  4376 | D:5      | Found a staircase to the Ecumenical Temple.
  4468 | Temple   | Entered the Ecumenical Temple
  4511 | Temple   | Became a worshipper of Warmaster Okawaru
  4657 | D:5      | Reached XP level 8. HP: 22/58 MP: 12/16
  5071 | D:5      | Reached * piety under Okawaru
  5079 | D:5      | HP: 1/58 [gnoll/spear (7)]
  5082 | D:5      | Mangled by a gnoll

Skill      XL: |  1  2  3  4  5  6  7  8 |
---------------+-------------------------+-----
Spellcasting   | 5 6 |  6.0
Stealth        | 6 |  6.8
Invocations    | 1 2 3 |  3.5
Fighting       | 1 2 3 |  3.2
Long Blades    | 1 2 3 |  3.2
Axes           | 1 2 3 |  3.2
Maces & Flails | 1 2 3 |  3.2
Polearms       | 1 2 3 |  3.2
Staves         | 1 2 3 |  3.2
Slings         | 1 2 3 |  3.2
Bows           | 1 2 3 |  3.2
Crossbows      | 1 2 3 |  3.2
Throwing       | 1 2 3 |  3.2
Armour         | 1 2 3 |  3.2
Shields        | 1 2 3 |  3.2
Unarmed Combat | 1 2 3 |  3.2
Evocations     | 1 2 3 |  3.2
Short Blades   | 3 4 |  4.1
Conjurations   | 1 2 |  2.6
Charms         | 1 2 |  2.6
Summonings     | 1 2 |  2.6
Necromancy     | 1 2 |  2.6
Translocations | 1 2 |  2.6
Transmutations | 1 2 |  2.6
Fire Magic     | 1 2 |  2.6
Ice Magic      | 1 2 |  2.6
Air Magic      | 1 2 |  2.6
Earth Magic    | 1 2 |  2.6
Poison Magic   | 1 2 |  2.6
Dodging        | 5 |  5.6
Hexes          | 6 |  6.1

Action                   |  1- 3 |  4- 6 |  7- 9 || total
-------------------------+-------+-------+-------++-------
Melee: Dagger            |    50 |   141 |    66 ||   257
       Bite              |     3 |    11 |     6 ||    20
Throw: Tomahawk          |       |     1 |       ||     1
 Cast: Ensorcelled Hiber |     6 |    44 |    20 ||    70
       Confuse           |       |       |     3 ||     3
  Use: Scroll            |       |     4 |     1 ||     5
 Stab: Sleeping          |    15 |    30 |    12 ||    57
       Confused          |       |       |     1 ||     1
  Eat: Chunk             |     1 |     8 |     3 ||    12
Armor: Robe              |     3 |    25 |    12 ||    40
Dodge: Dodged            |    30 |    87 |    67 ||   184
